 Dungeon Sprint DCSS version 0.30.1-4-g462c640d31 (webtiles) character file.

Game seed: 5573676242729287618

1103 Heoruswealwe the Grappler (level 8, -2/87 HPs)
             Began as a Troll Berserker on Sept 8, 2023.
             Was a Priest of Trog.
             Slain by a centaur warrior (12 damage)
             ... in the Dungeon (Sprint I: "Red Sonja").
             The game lasted 00:05:25 (236 turns).

Heoruswealwe the Grappler (Troll Berserker)          Turns: 236, Time: 00:05:26

Health: -2/87      AC:  4    Str: 28    XL:     8   Next: 11%
Magic:  12/12      EV: 10    Int:  3    God:    Trog [***...]
Gold:   578        SH:  0    Dex:  9    Spells: 7/7 levels left

rFire   . .          .
                       - Unarmed
rCold   . . .        (no shield)
rNeg    . . .        a - +0 animal skin
rPois   .            (helmet restricted)
rElec   .            (no cloak)
rCorr   .            (gloves unavailable)
SInv    .            (boots unavailable)
Will    .....        (no amulet)
Stlth   +            (no ring)
HPRegen 1.14/turn    (no ring)
MPRegen 0.13/turn

%: no teleportation
@: no status effects
A: large, unfitting armour, claws 3, regeneration 1, shaggy fur 1, tough skin 1
a: Renounce Religion, Berserk, Trog's Hand


You were in the Dungeon.
You worshipped Trog.
Trog was most pleased with you.
You visited 1 branch You collected 578 gold pieces.

Inventory:

Armour
 a - a +0 animal skin (worn)
Wands
 h - a wand of digging (6)
Scrolls
 c - a scroll of identify {unknown}
 g - a scroll of blinking
Potions
 b - 2 potions of curing
 d - a potion of haste


   Skills:
 + Level 7.2 Fighting
 + Level 6.6 Armour
 - Level 2.4 Dodging
 * Level 11.7 Unarmed Combat
 + Level 7.2 Invocations


You had 7 spell levels left.
You didn't know any spells.
Your spell library was empty.

Dungeon Overview and Level Annotations

Branches:
Dungeon (1/1)

Altars:
Cheibriados
Dithmenos
Elyvilon
Fedhas
Gozag
Hepliaklqana
Kikubaaqudgha
Makhleb
Nemelex Xobeh
Okawaru
Qazlal
Ru
Sif Muna
Trog
Uskayaw
Vehumet
Wu Jian
Xom
Yredelemnul
Zin
The Shining One
Jiyva
Lugonu

Shops:
D [[


Innate Abilities, Weirdness & Mutations

You are too large for most types of armour.
You have claws for hands.
Your natural rate of healing is unusually fast.
You are covered in fur. (AC +1)
You have tough skin. (AC +1)


Message History

There is an entrance to Peireizu's Armour Emporium here.
You see here 6 stones.
There is an open door here.
There is an open door, spattered with blood here.
You see here 7 stones.
You start resting.
HP restored.
You start waiting.
You feel yourself speed up.
You start waiting.
You recover from your berserk rage.
You open the door.
There is an open door here.
You enter the shallow water.
The centaur warrior shouts! x2
The centaur warrior wields a +0 shortbow.
The centaur warrior shoots an arrow.
The arrow hits you!
The centaur warrior wields a +0 shortbow.
The centaur warrior shoots an arrow.
The arrow hits you.
The centaur warrior shoots an arrow.
The arrow closely misses you.
The centaur warrior shoots an arrow.
The arrow hits you!!
There is an open door, spattered with blood here.
You see here a +0 leather armour.
The centaur warrior unwields a +0 shortbow.
The centaur warrior barely misses you.
The centaur warrior kicks you but does no damage.
You closely miss the centaur warrior.
The centaur warrior closely misses you. x2
The centaur warrior hits you! The centaur warrior kicks you.
You barely miss the centaur warrior. The centaur warrior hits you.
The centaur warrior kicks you.
You barely miss the centaur warrior. You mangle the centaur warrior!!
The centaur warrior is heavily wounded.
The centaur warrior hits you! The centaur warrior kicks you.
You barely miss the centaur warrior.
The centaur warrior is heavily wounded.
The centaur warrior shoots an arrow.
The arrow hits you!!
* * * LOW HITPOINT WARNING * * *
The centaur warrior hits you!
You die...

.#..)..#..'..#__#..+
.!..#..').#..'..'..#
.#####'#####'#__####
.####..#...#.####§§#
.#__####..##=#~~§§.#
.#_____##'#_.+§§~c§+
⌠#_.∩...†..._#~c§c§#
.#_..__##_.#'##§####
.#_____###+#(#[c@[###
######## ####§###.##
+.§...'(∩# ##########


You could see 2 centaur warriors.

Vanquished Creatures
  A deep troll (D)
  A slime creature (D)
  Sigmund (D)
  A yak (D)
  An ogre (D)
  A jelly (D)
  Ijyb (D)
7 creatures vanquished.

Notes
Turn   | Place    | Note
-------+----------+-------------------------------------------
     0 | D        | Heoruswealwe the Troll Berserker began the quest for the
                  | Orb.
     0 | D        | Reached XP level 1. HP: 22/22 MP: 0/0
     1 | D        | Noticed Ijyb
    10 | D        | Killed Ijyb
    11 | D        | Reached skill level 1 in Armour
    11 | D        | Reached skill level 4 in Unarmed Combat
    11 | D        | Reached XP level 2. HP: 30/31 MP: 0/2
    34 | D        | Noticed an ogre
    43 | D        | Killed an ogre
    44 | D        | Reached skill level 6 in Unarmed Combat
    44 | D        | Reached XP level 3. HP: 36/39 MP: 2/4
    44 | D        | Reached XP level 4. HP: 44/48 MP: 2/5
    54 | D        | Noticed Sigmund
    61 | D        | Killed Sigmund
    61 | D        | Reached ** piety under Trog
    62 | D        | Reached skill level 5 in Fighting
    62 | D        | Reached skill level 8 in Unarmed Combat
    62 | D        | Reached XP level 5. HP: 51/57 MP: 3/7
    74 | D        | Found an ornate altar of the Wu Jian Council.
    74 | D        | Found a shimmering blue altar of Sif Muna.
    76 | D        | Found a radiant altar of Vehumet.
    80 | D        | Reached skill level 5 in Invocations
    80 | D        | Reached XP level 6. HP: 66/66 MP: 5/8
   106 | D        | Found Aguynin's Antique Armour Emporium.
   106 | D        | Found an ancient bone altar of Kikubaaqudgha.
   106 | D        | Found a hazy altar of Hepliaklqana.
   106 | D        | Found a stormy altar of Qazlal.
   106 | D        | Found a hide-covered altar of Uskayaw.
   106 | D        | Found a blossoming altar of Fedhas.
   106 | D        | Found a bloodstained altar of Trog.
   106 | D        | Found an iron altar of Okawaru.
   106 | D        | Found a basalt altar of Yredelemnul.
   106 | D        | Found a glowing golden altar of the Shining One.
   106 | D        | Found a snail-covered altar of Cheibriados.
   106 | D        | Found a sacrificial altar of Ru.
   106 | D        | Found a glowing silver altar of Zin.
   106 | D        | Found a shadowy altar of Dithmenos.
   106 | D        | Found a white marble altar of Elyvilon.
   106 | D        | Noticed a yak
   111 | D        | Killed a yak
   112 | D        | Reached skill level 5 in Armour
   112 | D        | Reached skill level 9 in Unarmed Combat
   112 | D        | Found an opulent altar of Gozag.
   113 | D        | Found a sparkling altar of Nemelex Xobeh.
   128 | D        | Found a burning altar of Makhleb.
   128 | D        | Found a viscous altar of Jiyva.
   128 | D        | Found a shimmering altar of Xom.
   128 | D        | Found a corrupted altar of Lugonu.
   128 | D        | Noticed a slime creature
   133 | D        | Killed a slime creature
   133 | D        | Reached *** piety under Trog
   134 | D        | Reached skill level 10 in Unarmed Combat
   134 | D        | Reached XP level 7. HP: 59/76 MP: 10/10
   156 | D        | Noticed a centaur warrior
   156 | D        | Noticed a centaur warrior
   171 | D        | Noticed a deep troll
   180 | D        | Killed a deep troll
   181 | D        | Reached skill level 11 in Unarmed Combat
   181 | D        | Reached XP level 8. HP: 70/87 MP: 10/12
   192 | D        | Found Peireizu's Armour Emporium.
   236 | D        | Slain by a centaur warrior

Illustrated notes

Levels and vault maps discovered:
D:        dungeon_sprint_1 [red_sonja_temple_1, red_sonja_temple_small_1]

Skill      XL: |  1  2  3  4  5  6  7 |
---------------+----------------------+-----
Fighting       | 3 4 5 6 7 |  7.2
Armour         | 1 3 4 5 6 |  6.6
Unarmed Combat | 4 6 8 10 11 | 11.7
Invocations    | 2 3 4 5 6 7 |  7.2
Dodging        | |  2.4

Action                     |  1- 3 |  4- 6 |  7- 9 || total
---------------------------+-------+-------+-------++-------
  Melee: Unarmed           |    15 |    16 |    14 ||    45
  Evoke: Wand              |     1 |       |       ||     1
    Use: Potion            |     1 |       |     1 ||     2
 Armour: Animal skin       |       |     1 |     3 ||     4
  Dodge: Dodged            |     8 |     3 |     8 ||    19
